 Dungeon Crawl Stone Soup version 0.20-a0-32-gb8e7c72 (webtiles) character file.

123 Khazard the Cutter (level 5, -5/34 HPs)
             Began as a Halfling Hunter on Nov 8, 2016.
             Slain by Khazard's ghost (6 damage)
             ... on level 3 of the Dungeon.
             The game lasted 00:01:30 (1685 turns).

Khazard the Cutter (Halfling Hunter)                Turns: 1685, Time: 00:01:31

Health: -5/34      AC:  4    Str: 14    XL:     5   Next: 29%
Magic:  5/5        EV: 20    Int:  9    God:
Gold:   147        SH:  0    Dex: 20    Spells: 0 memorised, 4 levels left

rFire  + . .     SeeInvis .     b - +4 hand axe (freeze)
rCold  . . .     Gourm    .     c - +1 leather armour
rNeg   . . .     Faith    .     (shield restricted)
rPois  .         Spirit   .     (helmet restricted)
rElec  .         Reflect  .     (no cloak)
rCorr  +         Harm     .     (no gloves)
MR     .....                    (no boots)
Stlth  +++.......               (no amulet)
                                l - ring of resist corrosion
                                h - ring of protection from fire

@: agile
A: antennae 1, hooves 1, mutation resistance 1
a: no special abilities


You were on level 3 of the Dungeon.
You were not hungry.

You visited 1 branch of the dungeon, and saw 3 of its levels.

You collected 147 gold pieces.

Inventory:

Hand Weapons
 a - a +1 hunting sling
 b - a +4 hand axe of freezing (weapon)
 o - a +1 hand crossbow
 t - a +0 short sword
Missiles
 d - 15 bolts
 p - 9 sling bullets
 q - 34 stones (quivered)
Armour
 c - a +1 leather armour (worn)
Jewellery
 h - a ring of protection from fire (left hand)
 k - an uncursed ring of fire
 l - a ring of resist corrosion (right hand)
Scrolls
 i - 2 scrolls of identify
Comestibles
 f - a bread ration
 g - 2 slices of pizza
 j - a royal jelly


   Skills:
 - Level 1.7 Fighting
 - Level 4.5 Short Blades
 + Level 2.8 Slings
 - Level 4.5 Crossbows
 - Level 2.1 Dodging
 - Level 1.1 Stealth


You had 4 spell levels left.
You didn't know any spells.

Dungeon Overview and Level Annotations

Branches:
Dungeon (3/15)

Altars:

Annotations:
D:3 Khazard's ghost, amateur HaWr


Innate Abilities, Weirdness & Mutations

You are small and have problems with some larger weapons.
You are somewhat resistant to further mutation.
You have a pair of small antennae on your head.
You have large cloven feet.


Message History

Khazard's ghost is severely damaged.
Khazard's ghost misses you.
You barely miss Khazard's ghost. Your kick misses Khazard's ghost.
Khazard's ghost is severely damaged.
Khazard's ghost completely misses you.
You hit Khazard's ghost. You freeze Khazard's ghost.
Your kick misses Khazard's ghost.
Khazard's ghost is almost destroyed.
Khazard's ghost hits you.
* * * LOW HITPOINT WARNING * * *
You hit Khazard's ghost but do no damage.
Your kick misses Khazard's ghost.
Khazard's ghost is almost destroyed.
Khazard's ghost hits you!
* * * LOW HITPOINT WARNING * * *
Khazard's ghost barely misses you.
You barely miss Khazard's ghost.
Khazard's ghost is almost destroyed.
Khazard's ghost hits you.
You die...

#####################
.....................
####.########.######
#.##...........#####.#
####.....................
......#.#............##.
................@W...#
.###..#.#..##.###.##.# .#
#..#.#..##>...... ..
.###..#.#..##.###(##.#..#
.......).......##.# # .#
#####.#.#..##....!( . .
#.#.#..##..##(#..
#.#.#..##..##....
#.#..............


You could see Khazard's ghost.

Vanquished Creatures
  Natasha (twice) (D:2)
  A gnoll (D:1)
  An adder (D:2)
  An ooze (D:2)
  2 worms (D:2)
  3 leopard geckos (D:2)
  An orc (D:3)
  3 giant cockroaches
  4 goblins
  5 hobgoblins
  7 kobolds
  6 bats
  2 frilled lizards (D:2)
  3 rats
41 creatures vanquished.

Notes
Turn   | Place    | Note
-------+----------+-------------------------------------------
     0 | D:1      | Khazard the Halfling Hunter began the quest for the Orb.
     0 | D:1      | Reached XP level 1. HP: 14/14 MP: 1/1
   101 | D:1      | Reached skill level 1 in Short Blades
   136 | D:1      | Reached XP level 2. HP: 19/19 MP: 2/2
   305 | D:1      | Reached XP level 3. HP: 24/24 MP: 3/3
   799 | D:2      | Noticed Natasha
   802 | D:2      | Reached XP level 4. HP: 29/29 MP: 4/4
   805 | D:2      | Killed Natasha
  1090 | D:2      | Noticed Natasha
  1094 | D:2      | Killed Natasha
  1094 | D:2      | Reached XP level 5. HP: 26/34 MP: 5/5
  1657 | D:3      | Noticed Khazard's ghost (amateur HaWr)
  1665 | D:3      | Gained mutation: You have large cloven feet. [potion of mutation]
  1665 | D:3      | Gained mutation: You have a pair of small antennae on your head. [potion of mutation]
  1684 | D:3      | HP: 1/34 [Khazard's ghost (8)]
  1685 | D:3      | Slain by Khazard's ghost

Vault maps used:
D:1:      lightli_arrival_statuegarden
D:2:      first_bread, uniq_natasha
D:3:      minmay_misc_feat_enclosed

Skill      XL: |  1  2  3  4 |
---------------+-------------+-----
Short Blades   | 1 2 3 4 |  4.5
Slings         | 2 |  2.8
Fighting       | |  1.7
Crossbows      | |  4.5
Dodging        | |  2.1
Stealth        | |  1.1

Action                   |  1- 3 |  4- 6 || total
-------------------------+-------+-------++-------
Melee: Hand axe          |       |    18 ||    18
       Kick              |       |     7 ||     7
 Fire: Hand crossbow     |    55 |    15 ||    70
       Hunting sling     |       |    41 ||    41
  Use: Scroll            |       |     4 ||     4
       Potion            |       |     3 ||     3
  Eat: Bread ration      |       |     1 ||     1
Armor: Leather armour    |     1 |     5 ||     6
Dodge: Dodged            |     5 |    31 ||    36
